 Dungeon Crawl Stone Soup version 0.24-a0-582-g4d4af813a0 (webtiles) character file.

Game seed: 10698932108783502455

101000 Gall2222 the Fencer (level 16, -2/144 HPs)
             Began as a Human Chaos Knight on Aug 26, 2019.
             Was a Plaything of Xom.
             Succumbed to a redback's poison
             ... on level 1 of the Spider Nest.
             The game lasted 00:48:32 (24606 turns).

Gall2222 the Fencer (Human Chaos Knight)           Turns: 24606, Time: 00:48:32

Health: -2/144     AC: 19    Str: 17      XL:     16   Next: 81%
Magic:  34/34      EV:  2    Int: 23 (24) God:    Xom [.*....]
Gold:   2348       SH:  0    Dex:  5 (7)  Spells: 15/15 levels left

rFire    + + +     SeeInvis +   e - +6 demon blade "Diohanke" {drain, MP+9 Int+5 Dex-4 SInv}
rCold    . . .     Gourm    .   J - +2 shield {rF+}
rNeg     . . .     Faith    .   Y - +3 chain mail "Mahirph" {rPois MP+9 Dex-4 Stlth+}
rPois    +         Spirit   .   z - +2 hat
rElec    +         Reflect  .   (no cloak)
rCorr    .         Harm     .   x - +0 pair of gloves
MR       +....                  (no boots)
Stlth    ..........             p - amulet of regeneration
HPRegen  0.74/turn              U - ring of Rafebrim {+Fly rElec rF+++ Int+4 Dex-5}
MPRegen  0.24/turn              d - +4 ring of evasion

@: agile, lethally poisoned (-2 -> -16), no potions, very slightly contaminated,
slowed, lost dexterity, drained, very slow
A: antennae 1, thin skeletal structure 1, robust 1, screaming 1
a: Renounce Religion, Evoke Flight


You were on level 1 of the Spider Nest.
You worshipped Xom.
You were a plaything of Xom.
You were not hungry.

You visited 5 branches of the dungeon, and saw 25 of its levels.
You also visited: Bailey and Gauntlet.

You collected 3388 gold pieces.
You spent 1040 gold pieces at shops.

Inventory:

Hand Weapons
 e - the +6 demon blade "Diohanke" (weapon) {drain, MP+9 Int+5 Dex-4 SInv}
   (You acquired it on level 2 of the Orcish Mines)

   A truly terrible weapon, it drains the life of those it strikes.
   It affects your intelligence (+5).
   It affects your dexterity (-4).
   It affects your magic capacity (+9).
   It lets you see invisible.
 y - a +4 scimitar of flaming
Missiles
 h - 16 curare-tipped darts (quivered)
 n - 5 datura-tipped darts
 H - 2 throwing nets
Armour
 x - a +0 pair of gloves (worn)
 z - a +2 hat (worn)
 J - a +2 shield of fire resistance (worn)
 Y - the +3 chain mail "Mahirph" (worn) {rPois MP+9 Dex-4 Stlth+}
   (You found it on level 13 of the Dungeon)

   It affects your dexterity (-4).
   It protects you from poison.
   It affects your magic capacity (+9).
   It makes you more stealthy.
Jewellery
 d - a +4 ring of evasion (right hand)
 k - an uncursed ring of poison resistance
 p - an amulet of regeneration (around neck)
 D - an uncursed amulet of faith
 K - an uncursed ring of protection from magic
 S - an uncursed ring of see invisible
 U - the ring of Rafebrim (left hand) {+Fly rElec rF+++ Int+4 Dex-5}
   (You found it in a Gauntlet)

   [ring of flight]

   It affects your intelligence (+4).
   It affects your dexterity (-5).
   It renders you almost immune to fire.
   It insulates you from electricity.
   It lets you fly.
 W - an uncursed ring of protection from cold
Wands
 s - a wand of clouds (1)
 E - a wand of flame (55)
Scrolls
 f - a scroll of magic mapping
 g - 7 scrolls of remove curse
 m - a scroll of blinking
 t - 6 scrolls of teleportation
 u - 6 scrolls of identify
 A - a scroll of enchant weapon
 G - a scroll of enchant armour
Potions
 a - 4 potions of curing
 b - 5 potions of mutation
 o - 4 potions of heal wounds
 q - 2 potions of lignification
 v - 2 potions of brilliance
 B - 2 potions of agility
 C - 3 potions of haste
 F - a potion of ambrosia {unknown}
 R - a potion of resistance
 X - 2 potions of degeneration {unknown}
Comestibles
 c - 33 rations
 i - 5 chunks of flesh


   Skills:
 + Level 13.5(12.4) Fighting
 - Level 16.0(14.8) Long Blades
 + Level 13.4(12.3) Armour
 - Level 1.0(0.2) Dodging
 * Level 12.5(11.5) Shields


You had 15 spell levels left.
You didn't know any spells.
Your spell library contained the following spells:

 Spells                   Type           Power        Failure   Level  Hunger
 Corona                   Hex            #......      90%         1    ##.....
 Freeze                   Ice            #...         90%         1    ##.....
 Infusion                 Chrm           #...         90%         1    ##.....
 Magic Dart               Conj           #...         90%         1    ##.....
 Sting                    Conj/Pois      #...         90%         1    ##.....
 Blink                    Tloc           N/A          97%         2    ###....
 Call Imp                 Summ           #.......     97%         2    ###....
 Ensorcelled Hibernation  Hex/Ice        #.....       97%         2    ###....
 Poisonous Vapours        Pois/Air       #.....       97%         2    ###....
 Searing Ray              Conj           #.....       97%         2    ###....
 Shroud of Golubria       Chrm/Tloc      #.....       97%         2    ###....
 Slow                     Hex            #.......     97%         2    ###....
 Song of Slaying          Chrm           #.......     97%         2    ###....
 Throw Frost              Conj/Ice       #.....       97%         2    ###....
 Confuse                  Hex            #.......     99%         3    ####...
 Conjure Flame            Conj/Fire      #.......     99%         3    ####...
 Dazzling Spray           Conj/Hex       #.....       99%         3    ####...
 Inner Flame              Hex/Fire       #.......     99%         3    ####...
 Mephitic Cloud           Conj/Pois/Air  #.......     99%         3    ####...
 Ozocubu's Armour         Chrm/Ice       #.......     99%         3    ####...
 Portal Projectile        Hex/Tloc       #.....       99%         3    ####...
 Regeneration             Chrm/Necr      #.........   99%         3    ####...
 Spectral Weapon          Hex/Chrm       #.......     99%         3    ####...
 Tukima's Dance           Hex            #.......     99%         3    ####...
 Cause Fear               Hex            #.........   100%        4    #####..
 Force Lance              Conj/Tloc      #.......     100%        4    #####..
 Fulminant Prism          Conj/Hex       #.........   100%        4    #####..
 Ice Form                 Ice/Tmut       #.......     100%        4    #####..
 Iskenderun's Mystic Bla  Conj           #.......     100%        4    #####..
 Leda's Liquefaction      Hex/Erth       #.........   100%        4    #####..
 Olgreb's Toxic Radiance  Pois           #.......     100%        4    #####..
 Summon Ice Beast         Ice/Summ       #.......     100%        4    #####..
 Throw Icicle             Conj/Ice       #.......     100%        4    #####..
 Metabolic Englaciation   Hex/Ice        #.........   100%        5    ######.
 Silence                  Hex/Air        #.........   100%        5    ######.
 Venom Bolt               Conj/Pois      #.........   100%        5    ######.
 Yara's Violent Unravell  Hex/Tmut       #.........   100%        5    ######.
 Bolt of Cold             Conj/Ice       #.........   100%        6    #######
 Deflect Missiles         Chrm/Air       #.........   100%        6    #######
 Freezing Cloud           Conj/Ice/Air   #.........   100%        6    #######
 Ozocubu's Refrigeration  Ice            #.........   100%        6    #######
 Simulacrum               Ice/Necr       #.........   100%        6    #######
 Discord                  Hex            #.........   100%        8    #######


Dungeon Overview and Level Annotations

Branches:
Dungeon (15/15)            Temple (1/1) D:4            Lair (6/6) D:11
 Shoals (0/4) Lair:2       Spider (1/4) Lair:3          Orc (2/2) D:12
    Elf (0/3) Orc:2        Vaults (0/5) D:14         Depths (0/5) D:15
 Bailey (visited)         Gauntlet (visited)
  Slime: Lair:5-6

Altars:
Ashenzari
Cheibriados
Dithmenos
Elyvilon
Hepliaklqana
Kikubaaqudgha
Makhleb
Ru
Trog
Vehumet
Wu Jian
Xom
Yredelemnul
Zin

Shops:
D:4 =   D:7 *   D:10 }   D:12 *   D:15 %   Orc:1 (   Orc:2 :=*[

Annotations:
D:1 exclusion: downstairs
D:3 Ijyb
D:5 exclusion: downstairs
D:9 exclusions: door and downstairs
Lair:2 3 runed translucent doors
Lair:5 1 runed translucent door, mistymad's ghost, journeyman KoWn


Innate Abilities, Weirdness & Mutations

You have a pair of small antennae on your head.
You have a somewhat thin skeletal structure. (Dex +2, Stealth)
You are robust. (+10% HP)
You occasionally shout uncontrollably at your foes.


Message History

The redback is engulfed in noxious fumes.
The redback appears confused.
The redback bites the redback!
The redback bites itself.
You cannot drink potions in your current state!
Unknown command.
* * * LOW HITPOINT WARNING * * *
You feel very sick.
The redback is engulfed in noxious fumes.
The redback appears confused.
The redback is engulfed in noxious fumes.
The redback bites the redback!
The redback is killed!
Xom is highly amused!
The redback bites itself.
* * * LOW HITPOINT WARNING * * *
You feel very sick.
The redback is engulfed in noxious fumes.
The redback appears confused.
You die...
Xom giggles madly!

#### #...^...... ###.)#
##.........
##....#######.....##≈
#.......##.###...^.≈≈
#[......#....##...###
#............#.......
##..........##.......
###....#........†.....
#...^@.###............
##........#......####..
#.........#.....## #.
###....☼...##....## #
#....☼○§§s..#...##
#...§§§§....#####
##..○§°##..##
###...§§.####
#.....^..#


You could see a redback (confused).

Vanquished Creatures
  Gastronok (Lair:3)
  An orc warlord (Bailey)
  An entropy weaver (Gauntlet)
  A minotaur (Gauntlet)
  A fire dragon (D:15)
  Fannar (Lair:3)
  An ogre mage (D:15)
  Harold (D:11)
  A catoblepas (Lair:5)
  7 vault guards (D:14)
  Erica (D:10)
  3 hydras
  A centaur warrior (D:14)
  2 death knights (D:15)
  6 tengu warriors
  6 two-headed ogres
  A hell hog (Gauntlet)
  A satyr (D:15)
  3 death yaks (Lair:4)
  Sonja (D:11)
  11 skeletal warriors
  4 unseen horrors
  A phantasmal warrior (D:10)
  2 necromancers
  An orb spider (Lair:3)
  3 orc knights
  An ugly thing (D:13)
  A deep elf mage (D:15)
  3 cyclopes
  An oklob plant (Lair:1)
  A manticore (D:13)
  4 black mambas
  Joseph (D:10)
  A black mamba (shapeshifter) (D:14)
  6 spiny frogs
  2 freezing wraiths
  3 kobold demonologists
  An efreet (D:14)
  A demonic crawler (Spider:1)
  5 komodo dragons
  A rime drake (D:5)
  An ice devil (Gauntlet)
  A red devil (D:8)
  3 trolls
  2 tengu conjurers (D:14)
  2 jumping spiders (Spider:1)
  5 blink frogs
  A harpy skeleton (D:15)
  12 hippogriffs
  A wolf spider simulacrum (D:15)
  7 slime creatures
  5 redbacks
  2 shadows
  A centaur simulacrum (D:15)
  A tarantella (Spider:1)
  A tarantella (shapeshifter) (D:13)
  4 wyverns
  25 yaks
  2 basilisks
  6 fire bats
  A vampire (D:12)
  5 wraiths
  2 hogs (D:7)
  Grum (Lair:1)
  7 vampire mosquitoes
  5 hungry ghosts
  3 wargs (D:11)
  An acid dragon (D:15)
  8 water moccasins
  A hell hound (Gauntlet)
  9 porcupines
  A floating eye (shapeshifter) (D:14)
  30 orc warriors
  3 necrophages
  13 ogres
  3 phantoms
  2 ice beasts
  An eye of draining (shapeshifter) (D:10)
  2 sky beasts
  9 wolves
  20 centaurs
  7 big kobolds
  10 crocodiles
  A gnoll sergeant (D:7)
  10 bullfrogs
  A wyvern zombie (D:12)
  2 scorpions
  16 wights
  2 electric eels
  2 howler monkeys
  6 crimson imps
  4 bullfrog zombies
  6 jellies
  13 orc priests
  6 hounds
  11 orc wizards
  A quasit (D:12)
  4 bullfrog skeletons
  10 centaur skeletons
  4 iguanas
  A yak simulacrum (Lair:5)
  7 worker ants
  2 polar bear simulacra (Lair:5)
  8 wolf simulacra (Lair:5)
  A hound zombie (D:6)
  A worker ant zombie (D:9)
  5 gnolls
  A howler monkey skeleton (D:7)
  6 adders
  A shadow imp (D:7)
  4 white imps (Gauntlet)
  An ooze (D:6)
  An adder skeleton (D:4)
  A dart slug (D:1)
  5 leopard geckos
  51 orcs
  5 giant cockroaches
  10 hobgoblins
  4 jackals
  4 quokkas
  A ball python (D:4)
  2 bats (D:1)
  2 frilled lizards
  12 goblins
  48 kobolds
  A leopard gecko zombie (D:9)
  9 rats
  A fire vortex (D:9)
  5 plants
620 creatures vanquished.

Vanquished Creatures (collateral kills)
  A polar bear (Lair:5)
  A yak (D:7)
  A fire bat (Gauntlet)
  A hog (D:7)
  A human (D:7)
  A hell hound (Gauntlet)
  A big kobold (D:10)
  A wyvern skeleton (D:10)
  An orc wizard (D:7)
  4 orcs
  A kobold (D:10)
14 creatures vanquished.

Vanquished Creatures (others)
  A hydra (D:12)
  A big kobold (D:15)
  A shadow imp (D:6)
  5 demonic plants (Gauntlet)
  2 fire vortices
  3 fungi
  9 plants
22 creatures vanquished.

Grand Total: 656 creatures vanquished

Notes
Turn   | Place    | Note
-------+----------+-------------------------------------------
     0 | D:1      | Gall2222 the Human Chaos Knight began the quest for the
                  | Orb.
     0 | D:1      | Reached XP level 1. HP: 18/18 MP: 1/1
   239 | D:1      | Reached XP level 2. HP: 20/24 MP: 2/2
   315 | D:1      | Reached XP level 3. HP: 19/29 MP: 3/3
   406 | D:1      | XOM: harmless Tloc miscast
   803 | D:2      | Noticed a water moccasin
   870 | D:2      | XOM is BORED!
   870 | D:2      | XOM: enchant monster (bad)
  1209 | D:3      | XOM: enchant monster (good)
  1235 | D:3      | Found a faded altar of an unknown god.
  1243 | D:3      | Reached XP level 4. HP: 35/35 MP: 4/4
  1252 | D:3      | XOM: cast spell 'Alistair's Intoxication'
  1262 | D:3      | Reached skill level 4 in Long Blades
  1279 | D:3      | HP: 1/35 [poisoned by a worker ant]
  1667 | D:3      | XOM: god gift: runed chain mail {god gift}
  1758 | D:3      | XOM: 1-stop teleportation journey
  1971 | D:3      | Reached XP level 5. HP: 34/42 MP: 5/5
  2016 | D:3      | Noticed Ijyb
  2172 | D:3      | Found a basalt altar of Yredelemnul.
  2389 | D:3      | XOM: 2-stop teleportation journey
  2709 | D:4      | XOM: give mutations
  2709 | D:4      | Gained mutation: You have sharp toenails. [Xom's grace]
  2709 | D:4      | Gained mutation: You are robust. (+10% HP) [Xom's grace]
  2788 | D:4      | Found a staircase to the Ecumenical Temple.
  2825 | Temple   | Entered the Ecumenical Temple
  2865 | D:4      | XOM: cleaving
  2876 | D:4      | Reached skill level 5 in Long Blades
  2876 | D:4      | Reached XP level 6. HP: 37/52 MP: 6/6
  3307 | D:4      | Found Gurub's Jewellery Boutique.
  3432 | D:5      | Entered Level 5 of the Dungeon
  3439 | D:5      | Noticed a hungry ghost
  3444 | D:5      | XOM: confuse monster(s)
  3464 | D:5      | Killed a hungry ghost
  3464 | D:5      | Reached XP level 7. HP: 55/60 MP: 7/7
  3468 | D:5      | Paralysed by fainting for 7 turns
  3547 | D:5      | XOM: summons friendly shadow imp
  3727 | D:5      | XOM: enchant monster (good)
  3739 | D:5      | Noticed a rime drake
  4044 | D:5      | XOM: medium Fire miscast
  4062 | D:5      | Reached skill level 6 in Long Blades
  4124 | D:5      | Found a shadowy altar of Dithmenos.
  4492 | D:5      | XOM: god gift: paperback book {god gift}
  4594 | D:5      | XOM: god gift: 23 sling bullets
  4597 | D:5      | Killed a rime drake
  4597 | D:5      | Reached skill level 5 in Fighting
  4597 | D:5      | Reached skill level 7 in Long Blades
  4597 | D:5      | Reached XP level 8. HP: 52/68 MP: 8/8
  4643 | D:6      | XOM: noise
  4646 | D:6      | XOM: divination: magic mapping
  4705 | D:5      | XOM: divination: magic mapping
  4965 | D:6      | Reached skill level 5 in Armour
  5116 | D:6      | XOM: noise
  5120 | D:6      | XOM: swap monsters
  5264 | D:6      | XOM: swap monsters
  5265 | D:6      | XOM: medium Conj miscast
  5290 | D:5      | XOM: harmless Fire miscast
  5528 | D:7      | Found a shattered altar of Ashenzari.
  5545 | D:7      | XOM: confusion
  5561 | D:7      | Reached skill level 8 in Long Blades
  5561 | D:7      | Reached XP level 9. HP: 70/75 MP: 9/9
  5655 | D:7      | XOM: give mutations
  5655 | D:7      | Lost mutation: You have sharp toenails. [Xom's mischief]
  5655 | D:7      | Gained mutation: You are clumsy. (Dex -2) [Xom's mischief]
  5683 | D:7      | Found Ulutz's General Store.
  5768 | D:7      | XOM: harmless Pois miscast
  6088 | D:7      | Found a white marble altar of Elyvilon.
  6094 | D:7      | Found a shattered altar of Ashenzari.
  6094 | D:7      | Found a radiant altar of Vehumet.
  6097 | D:7      | Found an ancient bone altar of Kikubaaqudgha.
  6130 | D:7      | XOM: cloud trail
  6192 | D:7      | XOM: potion effect (berserk rage)
  6291 | D:7      | Found a snail-covered altar of Cheibriados.
  6310 | D:7      | XOM: harmless Fire miscast
  6358 | D:7      | XOM: cast spell 'Metabolic Englaciation'
  6449 | D:7      | Reached skill level 9 in Long Blades
  6485 | D:7      | XOM: harmless Hex miscast
  6757 | D:7      | XOM: noise
  6806 | D:7      | XOM: mild Air miscast
  6916 | D:8      | Found an ornate altar of the Wu Jian Council.
  6972 | D:8      | Reached XP level 10. HP: 83/86 MP: 10/10
  7010 | D:8      | Found a burning altar of Makhleb.
  7010 | D:8      | Noticed a rust devil
  7010 | D:8      | Noticed a hell beast
  7011 | D:8      | Noticed a rust devil
  7028 | D:8      | XOM: enchant monster (bad)
  7043 | D:8      | XOM: divination: detect creatures
  7084 | D:7      | XOM: noise
  7095 | D:7      | Reached skill level 10 in Long Blades
  7158 | D:8      | XOM: 1-stop teleportation journey
  7509 | D:8      | XOM: scenery: 1 doors open
  7744 | D:9      | Found a flagged portal.
  7793 | Bailey   | Entered a bailey
  7798 | Bailey   | Noticed an orc warlord
  7844 | Bailey   | Noticed an orc knight
  7848 | Bailey   | XOM: enchant monster (good)
  7852 | Bailey   | XOM: chaos upgrade
  7862 | Bailey   | Killed an orc knight
  7905 | Bailey   | Found a runed translucent gate.
  7908 | Bailey   | Found a runed translucent gate.
  7909 | Bailey   | Found a runed translucent gate.
  7940 | Bailey   | XOM: noise
  7943 | Bailey   | XOM: blink monster(s)
  7945 | Bailey   | XOM: potion effect (brilliance)
  7976 | Bailey   | XOM: harmless Air miscast
  8121 | Bailey   | XOM: potion effect (invisibility)
  8146 | Bailey   | XOM: potion effect (berserk rage)
  8150 | Bailey   | XOM: cleaving
  8151 | Bailey   | XOM: cleaving
  8153 | Bailey   | XOM: cleaving
  8159 | Bailey   | Killed an orc warlord
  8159 | Bailey   | Reached skill level 11 in Long Blades
  8269 | D:9      | XOM: 4-stop teleportation journey
  8339 | D:9      | XOM: summons 2 friendly demons
  8356 | D:9      | Reached XP level 11. HP: 51/95 MP: 11/11
  8363 | D:9      | XOM: cleaving
  8627 | D:9      | XOM: scenery: create altars
  8638 | D:9      | XOM: cleaving
  8642 | D:9      | XOM: fog
  8744 | D:9      | XOM: butterfly on damage
  9126 | D:9      | XOM: god gift: ration
  9158 | D:9      | XOM: give mutations
  9158 | D:9      | Gained mutation: You are resistant to hostile enchantments.
                  | (MR+) [Xom's grace]
  9158 | D:9      | Gained mutation: You have a somewhat thin skeletal
                  | structure. (Dex +2, Stealth) [Xom's grace]
  9158 | D:9      | Gained mutation: You have a pair of small antennae on your
                  | head. [Xom's grace]
  9158 | D:9      | Gained mutation: You are partially covered in thin metallic
                  | scales. (AC +2) [Xom's grace]
  9159 | D:9      | Identified a scroll of acquirement
  9194 | D:10     | Entered Level 10 of the Dungeon
  9261 | D:10     | XOM: summons friendly shadow imp
  9384 | D:10     | XOM: enchant monster (good)
  9391 | D:10     | XOM: divination: detect creatures
  9407 | D:10     | XOM: cast spell 'Summon Ice Beast'
  9420 | D:10     | XOM: mild Fire miscast
  9423 | D:10     | Reached skill level 12 in Long Blades
  9503 | D:10     | XOM: divination: magic mapping
  9516 | D:10     | XOM: potion effect (curing)
  9583 | D:10     | XOM: potion effect (brilliance)
  9632 | D:10     | XOM: harmless Erth miscast
  9645 | D:10     | XOM: confuse monster(s)
  9649 | D:10     | XOM: potion effect (agility)
  9671 | D:9      | XOM: cast spell 'Summon Ice Beast'
  9776 | D:9      | XOM: harmless Erth miscast
  9819 | D:10     | Noticed Joseph
  9820 | D:10     | XOM: swap monsters
  9835 | D:10     | Killed Joseph
  9863 | D:10     | XOM is BORED!
  9863 | D:10     | XOM: mild Necr miscast
  9942 | D:10     | XOM: noise
  9952 | D:10     | XOM: blink monster(s)
  9958 | D:10     | Noticed Erica
  9959 | D:10     | XOM: summons 3 hostile demons
  9960 | D:10     | Noticed a sun demon
 10077 | D:10     | XOM: swap monsters
 10130 | D:10     | Found Wuipt's Gadget Shop.
 10253 | D:10     | XOM: smoke on damage
 10282 | D:10     | Noticed a cyclops
 10298 | D:10     | XOM: swap monsters
 10315 | D:10     | Killed a cyclops
 10403 | D:10     | Noticed a phantasmal warrior
 10411 | D:10     | XOM: swap monsters
 10414 | D:10     | Killed a phantasmal warrior
 10507 | D:10     | XOM: potion effect (agility)
 10528 | D:10     | Killed Erica
 10603 | D:10     | Noticed a two-headed ogre
 10605 | D:10     | Noticed a fire dragon
 10629 | D:10     | XOM: confuse monster(s)
 10634 | D:10     | XOM: enchant monster (bad)
 10645 | D:10     | XOM: mild Air miscast
 10797 | D:10     | XOM: medium Tmut miscast
 10844 | D:10     | XOM: stat loss: -1 Int (12/13)
 10845 | D:11     | XOM: stealth player
 10936 | D:11     | Reached XP level 12. HP: 106/106 MP: 12/12
 10974 | D:11     | XOM: potion effect (might)
 10976 | D:11     | Reached skill level 13 in Long Blades
 11015 | D:11     | Found a staircase to the Lair.
 11036 | D:11     | XOM: potion effect (heal wounds)
 11040 | D:11     | XOM: potion effect (heal wounds)
 11048 | D:11     | XOM: potion effect (might)
 11139 | D:11     | XOM: divination: magic mapping
 11215 | D:11     | Reached skill level 10 in Fighting
 11272 | D:11     | Noticed Harold
 11288 | D:11     | Killed Harold
 11454 | D:11     | Noticed Sonja
 11459 | D:11     | XOM: potion effect (invisibility)
 11467 | D:11     | Killed Sonja
 11528 | D:11     | Reached skill level 10 in Armour
 11540 | D:11     | XOM: silly message
 11547 | D:11     | Noticed a tengu warrior
 11564 | D:11     | Killed a tengu warrior
 11923 | Lair:1   | Entered Level 1 of the Lair of Beasts
 12211 | Lair:1   | XOM: harmless Air miscast
 12231 | Lair:1   | Noticed Grum
 12280 | Lair:1   | Killed Grum
 12280 | Lair:1   | Reached skill level 14 in Long Blades
 12317 | Lair:1   | XOM: enchant monster (bad)
 12318 | Lair:1   | XOM: cast spell 'Alistair's Intoxication'
 12343 | Lair:1   | XOM: 4-stop teleportation journey
 12454 | Lair:1   | XOM: smoke on damage
 12514 | Lair:1   | XOM: noise
 12736 | Lair:1   | Reached XP level 13. HP: 81/114 MP: 13/13
 12952 | Lair:1   | XOM: potion effect (invisibility)
 12955 | Lair:1   | XOM: blink monster(s)
 12960 | Lair:1   | XOM: noise
 12962 | Lair:1   | XOM: cast spell 'Olgreb's Toxic Radiance'
 13272 | Lair:2   | XOM: noise
 13330 | Lair:2   | Noticed a four-headed hydra
 13340 | Lair:2   | XOM: destruction
 13345 | Lair:2   | Killed a one-headed hydra
 13595 | Lair:2   | Found a staircase to the Shoals.
 13717 | Lair:2   | XOM: 6-stop teleportation journey
 13774 | Lair:2   | Noticed a four-headed hydra
 13782 | Lair:2   | Killed a one-headed hydra
 13817 | Lair:2   | Found a runed translucent gate.
 13819 | Lair:2   | Found a runed translucent gate.
 13819 | Lair:2   | Found a runed translucent gate.
 13821 | Lair:2   | You fall into a shaft and drop 1 floor!
 13847 | Lair:3   | Noticed Fannar
 13857 | Lair:3   | XOM: stat loss: -1 Int (13/14)
 13862 | Lair:3   | Killed Fannar
 13977 | Lair:3   | Found a hole to the Spider Nest.
 14031 | Lair:3   | Reached skill level 15 in Long Blades
 14059 | Lair:3   | Noticed Gastronok
 14067 | Lair:3   | XOM: 4-stop teleportation journey
 14259 | Lair:3   | Killed Gastronok
 14535 | Lair:3   | XOM: summons 2 hostile shadow creatures
 14536 | Lair:3   | Noticed a seven-headed hydra
 14691 | Lair:3   | XOM: polymorph bullfrog -> wolf
 14755 | Lair:3   | XOM: medium Air miscast
 14770 | Lair:3   | XOM is BORED!
 14770 | Lair:3   | XOM: mild Necr miscast
 15421 | Lair:4   | XOM: enchant monster (bad)
 15494 | Lair:4   | XOM: confusion
 15539 | Lair:4   | XOM: enchant monster (good)
 15542 | Lair:4   | XOM: enchant monster (good)
 15733 | Lair:4   | XOM: harmless Hex miscast
 15836 | Lair:4   | XOM: noise
 15844 | Lair:4   | XOM: mild Hex miscast
 15990 | Lair:4   | XOM: mild Air miscast
 16034 | Lair:4   | XOM: give mutations
 16034 | Lair:4   | Gained mutation: You occasionally shout uncontrollably at
                  | your foes. [Xom's mischief]
 16034 | Lair:4   | Lost mutation: You are clumsy. (Dex -2) [Xom's mischief]
 16034 | Lair:4   | Lost mutation: You have a somewhat thin skeletal structure.
                  | (Dex +2, Stealth) [Xom's mischief]
 16350 | Lair:5   | Found a gate leading to a gauntlet.
 16359 | Gauntlet | Entered a Gauntlet
 16359 | Gauntlet | Found a transporter.
 16359 | Gauntlet | Found a transporter.
 16359 | Gauntlet | Found a transporter.
 16372 | Gauntlet | Found a transporter.
 16375 | Gauntlet | Found a transporter.
 16375 | Gauntlet | Found a transporter.
 16377 | Gauntlet | Found a large runed translucent door.
 16378 | Gauntlet | Found a large runed translucent door.
 16378 | Gauntlet | XOM: cloud trail
 16379 | Gauntlet | Found a large runed translucent door.
 16379 | Gauntlet | Found a large runed translucent door.
 16379 | Gauntlet | Found a runed translucent door.
 16380 | Gauntlet | Found a large runed translucent door.
 16381 | Gauntlet | Found a large runed translucent door.
 16382 | Gauntlet | Found a large runed translucent door.
 16382 | Gauntlet | Found a large runed translucent door.
 16383 | Gauntlet | Found a runed translucent gate.
 16384 | Gauntlet | Noticed an entropy weaver
 16389 | Gauntlet | Found a transporter.
 16389 | Gauntlet | Found a transporter.
 16399 | Gauntlet | Found a transporter.
 16491 | Gauntlet | Found a large runed translucent door.
 16492 | Gauntlet | Found a large runed translucent door.
 16493 | Gauntlet | Found a large runed translucent door.
 16493 | Gauntlet | Found a large runed translucent door.
 16493 | Gauntlet | Found a runed translucent door.
 16494 | Gauntlet | Found a large runed translucent door.
 16495 | Gauntlet | Found a large runed translucent door.
 16496 | Gauntlet | Found a large runed translucent door.
 16496 | Gauntlet | Found a large runed translucent door.
 16497 | Gauntlet | Found a runed translucent gate.
 16497 | Gauntlet | Found a runed translucent gate.
 16499 | Gauntlet | Found a transporter.
 16503 | Gauntlet | Found a transporter.
 16513 | Gauntlet | Found a transporter.
 16621 | Gauntlet | XOM: fake destruction
 16624 | Gauntlet | Reached skill level 1 in Shields
 16642 | Gauntlet | Killed an entropy weaver
 16642 | Gauntlet | Reached XP level 14. HP: 89/125 MP: 14/14
 16709 | Gauntlet | Got a coiled golden ring
 16718 | Gauntlet | Identified the ring of Rafebrim {+Fly rElec rF+++ Int+4
                  | Dex-5} (You found it in a Gauntlet)
 16728 | Gauntlet | XOM: summons 4 friendly demons
 16770 | Gauntlet | Got a clouded marble ring
 16805 | Gauntlet | Reached XP level 15. HP: 132/132 MP: 15/15
 16806 | Gauntlet | Identified the ring "Defuq" {Dex+3 Stlth+} (You found it in
                  | a Gauntlet)
 16832 | Gauntlet | XOM: enchant monster (good)
 17270 | Lair:5   | XOM: fog
 17279 | Lair:5   | XOM: fake destruction
 17282 | Lair:5   | XOM: confuse monster(s)
 17288 | Lair:5   | XOM: summons 6 friendly demons
 17331 | Lair:5   | XOM: mild Fire miscast
 17430 | Lair:5   | Found a runed translucent door.
 17430 | Lair:5   | Noticed mistymad's ghost (journeyman KoWn)
 17438 | Lair:5   | Identified the +5 spear of the Three Planets {freeze, +Inv
                  | rN+ Int-5 Dex+4}
 17445 | Lair:5   | XOM: harmless Tmut miscast
 17733 | Lair:6   | Entered Level 6 of the Lair of Beasts
 17738 | Lair:6   | XOM: silly message
 17746 | Lair:6   | XOM: scenery: create altars
 17977 | D:12     | XOM: mild Air miscast
 17993 | D:12     | XOM: summons friendly white imp
 17994 | D:12     | XOM: summons friendly crimson imp
 18145 | D:12     | XOM: enchant monster (good)
 18165 | D:12     | Reached skill level 16 in Long Blades
 18215 | D:12     | Found Dadgheh's General Store.
 18376 | D:12     | XOM: divine lightning
 18382 | D:12     | Found a staircase to the Orcish Mines.
 18421 | D:12     | XOM: scenery: create altars
 18596 | D:12     | You fall into a shaft and drop 1 floor!
 18612 | D:13     | XOM: draining
 18726 | D:13     | XOM: harmless Conj miscast
 18901 | D:13     | Got a pitted chain mail
 18902 | D:13     | Identified the +3 chain mail "Mahirph" {rPois MP+9 Dex-4
                  | Stlth+} (You found it on level 13 of the Dungeon)
 19415 | D:14     | XOM: 1-stop teleportation journey
 19464 | D:14     | XOM: blink monster(s)
 19483 | D:14     | XOM: chaos upgrade
 19487 | D:14     | XOM: enchant monster (bad)
 19496 | D:14     | XOM: 7-stop teleportation journey
 19586 | D:14     | XOM: blink monster(s)
 19587 | D:14     | XOM: god gift: 700 gold pieces
 19698 | D:14     | XOM: cast spell 'Call Canine Familiar'
 19791 | D:14     | XOM: potion effect (haste)
 19931 | D:14     | XOM: divination: magic mapping
 19935 | D:14     | XOM: scenery: 2 doors close
 20121 | D:14     | Reached skill level 10 in Shields
 20151 | D:14     | XOM: polymorph vault guard -> shapeshifter
 20191 | D:13     | XOM: cloud trail
 20275 | D:14     | XOM: potion effect (brilliance)
 20318 | D:14     | XOM: potion effect (invisibility)
 20321 | D:14     | XOM: silly message
 20345 | D:14     | Found a gate to the Vaults.
 20360 | D:14     | XOM: potion effect (heal wounds)
 20374 | D:14     | Reached XP level 16. HP: 125/141 MP: 16/16
 20404 | D:14     | XOM: harmless Fire miscast
 20418 | D:14     | XOM: divination: detect items
 20426 | D:14     | XOM: enchant monster (good)
 20428 | D:14     | XOM: blink monster(s)
 20464 | D:14     | XOM is BORED!
 20464 | D:14     | XOM: chaos upgrade
 20466 | D:14     | XOM: divination: detect creatures
 20485 | D:14     | XOM: confuse monster(s)
 20877 | D:14     | XOM: harmless Chrm miscast
 21010 | D:15     | Entered Level 15 of the Dungeon
 21010 | D:15     | XOM: polymorph basilisk -> sky beast
 21114 | D:15     | XOM: cleaving
 21125 | D:15     | XOM: swap monsters
 21208 | D:15     | XOM: summons friendly shadow imp
 21219 | D:15     | XOM: divination: detect items
 21227 | D:15     | XOM: cast spell 'Summon Small Mammal'
 21428 | D:15     | XOM: divination: detect creatures
 21462 | D:15     | XOM: potion effect (brilliance)
 21496 | D:15     | Found Icwuam's Food Boutique.
 21506 | D:15     | XOM: cast spell 'Summon Small Mammal'
 21603 | D:15     | XOM: noise
 21803 | D:15     | XOM: divination: detect items
 21930 | D:15     | XOM: silly message
 22012 | D:15     | XOM: polymorph ice dragon -> satyr
 22013 | D:15     | XOM: enchant monster (good)
 22049 | D:15     | Found a staircase to the Depths.
 22244 | D:15     | XOM: god gift: quarterstaff {god gift}
 22339 | D:15     | XOM: summons friendly white imp
 22525 | D:15     | XOM: god gift: wand of flame (19)
 22676 | Orc:1    | Entered Level 1 of the Orcish Mines
 22750 | Orc:1    | Found Moheurgh's Antique Weapon Boutique.
 22766 | Orc:1    | XOM: swap monsters
 22907 | Orc:1    | XOM: cloud trail
 22983 | Orc:1    | XOM: god gift: 2 potions of agility
 23001 | Orc:2    | Entered Level 2 of the Orcish Mines
 23007 | Orc:2    | XOM: summons 2 friendly demons
 23014 | Orc:2    | XOM: scenery: create altars
 23646 | Orc:2    | XOM: summons 8 hostile demons
 23689 | Orc:2    | Found a staircase to the Elven Halls.
 23689 | Orc:2    | XOM: 6-stop teleportation journey
 23949 | Orc:2    | Found Xoube's Assorted Antiques.
 23949 | Orc:2    | Found Onoy's Jewellery Shop.
 23951 | Orc:2    | Found Semnaef's Book Boutique.
 23953 | Orc:2    | Found Edionir's Antique Armour Emporium.
 23967 | Orc:2    | Bought a scroll of acquirement for 1040 gold pieces
 23968 | Orc:2    | Got a bone demon blade
 23969 | Orc:2    | Lost dexterity.
 23969 | Orc:2    | Identified the +6 demon blade "Diohanke" {drain, MP+9 Int+5
                  | Dex-4 SInv} (You acquired it on level 2 of the Orcish
                  | Mines)
 23970 | Orc:2    | XOM: give mutations
 23970 | Orc:2    | Lost mutation: You are partially covered in thin metallic
                  | scales. (AC +2) [Xom's mischief]
 23970 | Orc:2    | Lost mutation: You are resistant to hostile enchantments.
                  | (MR+) [Xom's mischief]
 23970 | Orc:2    | Gained mutation: You have a somewhat thin skeletal
                  | structure. (Dex +2, Stealth) [Xom's mischief]
 24091 | Orc:1    | XOM: draining
 24336 | Lair:1   | XOM: stat loss: -1 Int (23/24)
 24420 | Spider:1 | Entered Level 1 of the Spider Nest
 24566 | Spider:1 | XOM: summons 6 hostile demons
 24574 | Spider:1 | XOM: scenery: create altars
 24587 | Spider:1 | Lost dexterity.
 24589 | Spider:1 | XOM: confuse monster(s)
 24591 | Spider:1 | XOM: summons friendly ufetubus
 24595 | Spider:1 | HP: 2/144 [poisoned by a redback]
 24603 | Spider:1 | XOM: medium Ice miscast
 24604 | Spider:1 | HP: 4/144 [poisoned by a redback]
 24605 | Spider:1 | HP: 1/144 [poisoned by a redback]
 24606 | Spider:1 | Succumbed to a redback's poison

Levels and vault maps discovered:
D:1:      wander_arrival_fairy_ring, layout_basic, minmay_domino_2
D:2:      layout_loops_ring, lemuel_crystal_altar, grunt_gozag_statues,
          first_ration, minmay_misc_feat_pillars
D:3:      layout_basic, lemuel_doored_altar, chequers_ecumenical_altar_simple,
          uniq_ijyb
D:4:      layout_gridville, minmay_temple_entry_junction, serial_shops,
          kennysheep_mini
D:5:      layout_loops_ring, nicolae_dithmenos_through_a_glass_darkly
D:6:      layout_cave_pools
D:7:      layout_basic, lemuel_crystal_altar, grunt_temple_overflow_open,
          serial_shops, shop_fountains, grunt_livestock, ashenzari_altar_1
D:8:      layout_gridville, lemuel_round_altar, lemuel_hellish_altar
D:9:      layout_long_grid, enter_bailey_6, hangedman_incinerator
D:10:     minmay_sliced_demisemicircle, layout_irregular_city, serial_shops,
          nicolae_shop_crystal, uniq_erica, uniq_joseph
D:11:     layout_basic, erik_lair_orcish_takeover, minivault_4, uniq_harold,
          uniq_sonja
D:12:     layout_loops_cross, orc_0_dummy, serial_shops,
          nicolae_shop_waterfront, minmay_misc_feat_cross
D:13:     layout_roguey, chequers_garden
D:14:     layout_gridville, erik_vaults_2, chequers_serial_rivers_micro_c
D:15:     grunt_enter_depths_hoard, layout_loops_corners, serial_shops,
          shop_fountains, serial_park_square1 [serial_park_minivault_5x5_4],
          hangedman_glass_teeth, roderic_roman_lattice
Temple:   chequers_temple_sunken
Lair:1:   layout_regular_city, st_stairs_8, chequers_serial_rivers_micro_a,
          grunt_megastairs_3, minmay_lair_oklob_chamber, uniq_grum
Lair:2:   layout_regular_city, shoals_dummy_entry, gammafunk_ghost_ooze
Lair:3:   layout_hall_layers, nicolae_spider_entry_orb_guardian, st_stairs_10,
          lemuel_fruit_tree, uniq_gastronok, uniq_fannar
Lair:4:   layout_regular_city
Lair:5:   layout_regular_city, ebering_ghost_funeral_grove,
          gauntlet_entry_generic, eino_house_with_fridge
Lair:6:   minmay_lair_end_enchanted_forest, layout_regular_city,
          minmay_slime_entry_pillars, serial_bayou_shore_a, lemuel_fruit_fields,
          serial_bayou_shore_b
Spider:1: layout_spider_delve, uniq_josephine
Orc:1:    layout_caves, serial_shops, nicolae_shop_competitors_out_of_business
Orc:2:    st_orc_rangers, layout_caves

Skill      XL: |  1  2  3  4  5  6  7  8  9 10 11 12 13 14 15 16 |
---------------+-------------------------------------------------+-----
Long Blades    | 4 5 7 8 9 11 12 14 15 16 | 16.0
Armour         | 3 4 5 6 8 9 10 11 12 13 | 13.4
Fighting       | 4 5 6 7 8 9 10 11 12 13 | 13.5
Shields        | 1 7 10 12 | 12.5
Dodging        | |  1.0

Action                   |  1- 3 |  4- 6 |  7- 9 | 10-12 | 13-15 | 16-18 || total
-------------------------+-------+-------+-------+-------+-------+-------++-------
Melee: Falchion          |    73 |   103 |    77 |       |       |       ||   253
       Kick              |       |     7 |    56 |       |       |       ||    63
       Short sword       |       |    23 |     6 |       |       |       ||    29
       Long sword        |       |       |   257 |   276 |    34 |       ||   567
       Scimitar          |       |       |       |   495 |  1051 |   546 ||  2092
       Demon blade       |       |       |       |       |       |    79 ||    79
Throw: Stone             |       |     3 |     7 |       |       |       ||    10
       Dart              |       |       |       |     2 |     2 |       ||     4
Evoke: Wand              |       |       |     9 |    25 |    16 |     4 ||    54
  Use: Potion            |       |     1 |       |       |     1 |     4 ||     6
       Scroll            |       |       |     9 |     4 |    22 |     2 ||    37
 Stab: Confused          |       |     2 |     1 |     2 |     1 |     4 ||    10
       Petrified         |       |       |     6 |       |    11 |       ||    17
       Invisible         |       |       |       |     7 |     4 |       ||    11
       Paralysed         |       |       |       |     1 |       |       ||     1
       Distracted        |       |       |       |     1 |       |       ||     1
  Eat: Chunk             |     1 |       |    11 |    23 |    25 |    14 ||    74
       Ration            |       |     3 |     1 |       |     1 |       ||     5
Armor: Leather armour    |    37 |     2 |       |       |       |       ||    39
       Chain mail        |       |    78 |   151 |   309 |   530 |   309 ||  1377
Dodge: Dodged            |    52 |    35 |   138 |   413 |   350 |   313 ||  1301
Block: Shield            |       |       |       |    46 |   446 |   495 ||   987
       Rpst.: Falchion   |    10 |     9 |    12 |       |       |       ||    31
       Long sword        |       |       |    30 |    38 |     6 |       ||    74
       Scimitar          |       |       |       |    45 |    70 |    60 ||   175
       Demon blade       |       |       |       |       |       |     9 ||     9

Table legend:
 A = Non-vault XP
 B = Vault XP
 C = Vault XP percentage of total XP
 D = Non-vault monster count
 E = Vault monster count
 F = Vault count percentage of total count
                 A         B        C        D         E       F
            +---------+---------+-------+---------+---------+-------
      Total |   81146 |   35554 |  30.5 |     485 |     144 |  22.9
            +---------+---------+-------+---------+---------+-------
        D:1 |      34 |       1 |   2.9 |      13 |       1 |   7.1
        D:2 |      12 |       0 |   0.0 |       8 |       0 |   0.0
        D:3 |     130 |       0 |   0.0 |      23 |       0 |   0.0
        D:4 |     123 |       0 |   0.0 |       6 |       0 |   0.0
        D:5 |    1050 |       0 |   0.0 |      22 |       0 |   0.0
        D:6 |     419 |       0 |   0.0 |      17 |       0 |   0.0
        D:7 |    1383 |     733 |  34.6 |      30 |       5 |  14.3
        D:8 |     740 |     322 |  30.3 |      19 |       1 |   5.0
        D:9 |    1493 |    1170 |  43.9 |      19 |       5 |  20.8
       D:10 |    2237 |    2909 |  56.5 |      30 |       6 |  16.7
       D:11 |    4586 |    2451 |  34.8 |      38 |      11 |  22.4
       D:12 |    2450 |       0 |   0.0 |      25 |       0 |   0.0
       D:13 |    6388 |       0 |   0.0 |      29 |       0 |   0.0
       D:14 |   16117 |    7429 |  31.6 |      41 |       8 |  16.3
       D:15 |   17423 |    1928 |  10.0 |      42 |       2 |   4.5
     Temple |      34 |       0 |   0.0 |       1 |       0 |   0.0
     Lair:1 |    3264 |    2357 |  41.9 |      14 |      11 |  44.0
     Lair:2 |    4303 |       0 |   0.0 |      14 |       0 |   0.0
     Lair:3 |    1910 |    4119 |  68.3 |      12 |       5 |  29.4
     Lair:4 |    5169 |       0 |   0.0 |      17 |       0 |   0.0
     Lair:5 |    6400 |     945 |  12.9 |      21 |      12 |  36.4
     Lair:6 |     270 |      42 |  13.5 |       1 |       1 |  50.0
   Spider:1 |    1970 |       0 |   0.0 |       9 |       0 |   0.0
      Orc:1 |    2488 |     546 |  18.0 |      24 |       5 |  17.2
      Orc:2 |     753 |    4010 |  84.2 |      10 |      30 |  75.0
     Bailey |       0 |    2362 | 100.0 |       0 |      27 | 100.0
   Gauntlet |       0 |    4230 | 100.0 |       0 |      14 | 100.0
            +---------+---------+-------+---------+---------+-------
